 Dungeon Crawl Stone Soup version 0.16.2-12-gd0ad4c3 (webtiles) character file.

95 Seneschal the Insei (level 4, -2/28 HPs)
             Began as an Octopode Transmuter on Sept 21, 2015.
             Slain by a giant gecko (5 damage)
             ... on level 3 of the Dungeon.
             The game lasted 00:07:05 (2608 turns).

Seneschal the Insei (Octopode Transmuter)           Turns: 2608, Time: 00:07:06

Health: -2/28      AC:  1    Str: 10    XL:     4   Next: 65%
Magic:  8/8        EV: 13    Int: 15    God:
Gold:   123        SH:  0    Dex: 12    Spells: 1 memorised, 7 levels left

rFire  . . .     SeeInvis .     c - +0 whip
rCold  . . .     Clarity  .     (no shield)
rNeg   . . .     SustAb   .     (helmet restricted)
rPois  .         Gourm    .     (no amulet)
rElec  .         Spirit   .     (no ring)
rCorr  .         Warding  .     (no ring)
rMut   .         Stasis   .     (no ring)
MR     .....                    (no ring)
Stlth  +++.......               (no ring)
                                (no ring)
                                (no ring)
                                (no ring)

@: lethally poisoned (-2 -> -5), appendage (expiring), not resistant to hostile
enchantments, fairly stealthy
A: almost no armour, amphibious, 8 rings, constrict 8, tentacle spike 3,
camouflage 1, gelatinous body 1
a: End Transformation


You were on level 3 of the Dungeon.
You were not hungry.
One of your tentacles had a temporary spike.
You visited 1 branch of the dungeon, and saw 3 of its levels.

You collected 123 gold pieces.

Inventory:

Hand weapons
 c - a +0 whip (weapon)
Missiles
 b - 10 arrows
Scrolls
 e - a scroll of identify {unknown}
 f - a scroll of remove curse {unknown}
 i - a scroll of random uselessness {unknown}
 k - 2 scrolls of blinking {unknown}
 n - a scroll of immolation {unknown}
Potions
 g - 2 potions of curing {unknown}
 h - a potion of restore abilities {unknown}
 j - 3 potions of heal wounds {unknown}
 m - a potion of magic {unknown}
Books
 d - a book of Changes

   Spells                             Type                      Level
   a - Beastly Appendage              Transmutation                1
   b - Sticks to Snakes               Transmutation                2
   c - Spider Form                    Transmutation/Poison         3
   d - Ice Form                       Ice/Transmutation            4
   e - Blade Hands                    Transmutation                5
Comestibles
 a - 2 bread rations
 l - a beef jerky


   Skills:
 + Level 1.5 Fighting
 + Level 0.4 Maces & Flails
 + Level 2.8 Dodging
 + Level 0.8 Stealth
 + Level 3.6 Unarmed Combat
 + Level 2.5 Spellcasting
 + Level 2.5 Transmutations


You had 7 spell levels left.
You knew the following spells:

 Your Spells              Type           Power        Failure   Level  Hunger
a - Beastly Appendage     Trmt           #.....       10%         1    #......


Dungeon Overview and Level Annotations

Branches:
Dungeon (3/15)

Altars:


Innate Abilities, Weirdness & Mutations

You cannot wear most types of armour.
You are amphibious.
You can wear up to eight rings at the same time.
You can use your tentacles to constrict many enemies at once.
Your skin changes colour to match your surroundings (Stealth).
Your rubbery body absorbs attacks (AC +1).
One of your tentacles bears a large vicious spike.


Message History

The adder poisons you! The adder barely misses you.
You hit the adder.
You pierce the adder.
You squeeze the adder.
The adder is almost dead.
You constrict the adder.
You kill the adder!
You feel sick.
You hit the orc. Your grab misses the orc. You squeeze the orc.
The orc is heavily wounded.
The orc hits you with a mace.
You hit the orc but do no damage. Your grab misses the orc.
The orc is heavily wounded.
You feel sick. The orc hits you with a mace.
* * * LOW HITPOINT WARNING * * *
You hit the orc.
You kill the orc!
You miss the giant gecko. You grab the giant gecko.
You constrict the giant gecko. The giant gecko bites you.
* * * LOW HITPOINT WARNING * * *
The giant gecko bites you.
You die...

#.......###### #.#
#....<.......# #.#
#.......####.#####.##
##.[....# #.........
##...#.# #######.##
##.##.# #.## #.##.#
#.##
#.##.##########.##
#@##............##
#l################
#l######## #
#......l.. #
#..####### # ...#
....# [....# ##..###


You could see 2 giant geckos.

Vanquished Creatures
  5 adders
  A worm (D:2)
  3 orcs (D:3)
  3 giant cockroaches
  8 hobgoblins
  A kobold (D:1)
  2 quokkas (D:2)
  A ball python (D:2)
  3 bats
  4 giant geckos
  A giant newt (D:2)
  3 goblins
  5 rats
40 creatures vanquished.

Notes
Turn   | Place    | Note
--------------------------------------------------------------
     0 | D:1      | Seneschal, the Octopode Transmuter, began the quest for the Orb.
     0 | D:1      | Reached XP level 1. HP: 13/13 MP: 3/3
   134 | D:1      | Reached XP level 2. HP: 2/18 MP: 4/4
   940 | D:2      | Reached XP level 3. HP: 14/23 MP: 6/6
  1981 | D:2      | Reached XP level 4. HP: 6/28 MP: 6/8
  2608 | D:3      | Slain by a giant gecko

Action                   |  1- 3 |  4- 6 || total
-------------------------+-------+-------++-------
Melee: Whip              |    70 |    19 ||    89
       Unarmed           |     4 |       ||     4
 Cast: Beastly Appendage |    11 |     2 ||    13
 Stab: Sleeping          |     3 |       ||     3
  Eat: Bread ration      |     1 |     1 ||     2
